 Dungeon Crawl Stone Soup version 0.30-a0-782-ge64f9170bb (webtiles) character file.

Game seed: 10591055353845566454

792 theswoord the Skirmisher (level 7, -1/38 HPs)
             Began as a Deep Elf Hunter on Mar 14, 2023.
             Slain by a yak (10 damage)
             ... on level 5 of the Dungeon.
             The game lasted 00:05:11 (4069 turns).

theswoord the Skirmisher (Deep Elf Hunter)          Turns: 4069, Time: 00:05:11

Health: -1/38      AC:  4    Str:  6    XL:     7   Next: 57%
Magic:  9/9        EV: 12    Int: 14    God:
Gold:   110        SH:  0    Dex: 20    Spells: 6/6 levels left

rFire   . . .      SeeInvis .    a - +0 shortbow
rCold   . . .      Faith    .    (shield currently unavailable)
rNeg    . . .      Spirit   .    c - +1 leather armour
rPois   .          Reflect  .    (no helmet)
rElec   .          Harm     .    (no cloak)
rCorr   .          Rampage  .    (no gloves)
Will    .....      Clarity  +    (no boots)
Stlth   ++                       (no amulet)
HPRegen 0.26/turn                (no ring)
MPRegen 0.11/turn                (no ring)

@: mighty, about to teleport
A: clarity, weak 1
a: no special abilities


You were on level 5 of the Dungeon.
You visited 1 branch of the dungeon, and saw 5 of its levels.

You collected 110 gold pieces.

Inventory:

Hand Weapons
 a - a +0 shortbow (weapon)
Armour
 c - a +1 leather armour (worn)
 l - a +0 pair of gloves
Jewellery
 g - a ring of resist corrosion
Scrolls
 b - 6 scrolls of immolation
 i - 2 scrolls of identify
 j - a scroll of noise {unknown}
Potions
 d - 2 potions of curing
 e - a potion of degeneration
 f - a potion of cancellation
 h - a potion of heal wounds
 k - a potion of might


   Skills:
 - Level 1.5 Fighting
 + Level 12.2 Ranged Weapons
 - Level 2.4 Dodging
 - Level 1.2 Stealth


You had 6 spell levels left.
You didn't know any spells.
Your spell library contained the following spells:

 Spells                   Type           Power      Damage    Failure   Level
 Necrotise                Necr           0%         1d4       41%         1
 Vampiric Draining        Necr           0%         2d6       80%         3
 Agony                    Necr           0%         N/A       100%        5


Dungeon Overview and Level Annotations

Branches:
Dungeon (5/15)
 Temple: D:4-7

Altars:
Ashenzari
Gozag
Ru
Uskayaw

Shops:
D:4 *

Annotations:
D:3 1 runed translucent door, Crazy Yiuf


Innate Abilities, Weirdness & Mutations

You possess an exceptional clarity of mind.
You are weak. (Str -2)


Message History

An ufetubus is nearby!
You shoot an arrow. The arrow hits the ufetubus.
You shoot an arrow. The arrow hits the ufetubus.
You kill the ufetubus!
No target in view!
No target in view!
k - 2 potions of might (gained 1)
A yak comes into view.
The yak bellows!
You hear a bellow!
You hear a bark! x2
A yak is nearby!
A yak is nearby!
You shoot an arrow.
The arrow hits the yak but does no damage.
You shoot an arrow. The arrow hits the yak!
Okay, then.
You feel very mighty all of a sudden.
A jackal comes into view.
The jackal moves out of view.
A yak comes into view.
You shoot an arrow.
The arrow hits the yak but does no damage.
You shoot an arrow. The arrow hits the yak.
You shoot an arrow. The arrow hits the yak.
You hear a bellow!
The yak gores you!
A yak comes into view.
You shoot an arrow. The arrow hits the yak!
The yak gores you.
You shoot an arrow. The arrow hits the yak.
The yak barely misses you.
You shoot an arrow. The arrow hits the yak!
The yak barely misses you.
You shoot an arrow. The arrow hits the yak.
A yak comes into view.
The yak gores you!
* * * LOW HITPOINT WARNING * * *
You shoot an arrow. The arrow hits the yak!
You kill the yak!
Your Ranged Weapons skill increases to level 12!
Okay, then.
As you read the scroll of teleportation, it crumbles to dust.
You feel strangely unstable. The yak gores you!
You die...

#.#.#######.#
#.#.# #.#
#.#.# #.#
#.#.# #.#
#.#.# #.#
###.#.# #.#
#...#.#
#.####
#.###.#
#....# #.#
#.# ####@#
#.# #.# #Y#
#.###.# #.#
......# #Y#
.###..# #h#
..##..#######
#Y#
..##.........
?.#
#.##.########
..# #.##.#


You could see 3 yaks and a jackal.

Vanquished Creatures
  Grinder (D:4)
  A yak (D:5)
  An ogre (D:5)
  A scorpion (D:4)
  2 hounds
  A jelly (D:4)
  Natasha (thrice) (D:3)
  3 gnolls (D:2)
  5 adders
  An ufetubus (D:5)
  3 worms
  4 dart slugs
  7 orcs
  7 ball pythons
  4 endoplasms
  2 giant cockroaches
  3 goblins
  7 hobgoblins
  3 quokkas
  3 bats
  A frilled lizard (D:1)
  6 kobolds
  6 rats
75 creatures vanquished.

Vanquished Creatures (others)
  3 plants (D:2)
3 creatures vanquished.

Grand Total: 78 creatures vanquished

Notes
Turn   | Place    | Note
-------+----------+-------------------------------------------
     0 | D:1      | theswoord the Deep Elf Hunter began the quest for the Orb.
     0 | D:1      | Reached XP level 1. HP: 12/12 MP: 3/3
   224 | D:1      | Reached skill level 6 in Ranged Weapons
   224 | D:1      | Reached XP level 2. HP: 16/16 MP: 4/4
   973 | D:2      | Reached XP level 3. HP: 18/20 MP: 5/5
  1132 | D:2      | Found a hide-covered altar of Uskayaw.
  1347 | D:2      | Reached skill level 7 in Ranged Weapons
  1694 | D:2      | Reached XP level 4. HP: 12/25 MP: 6/6
  2142 | D:3      | You fall into a shaft and drop 2 floors!
  2142 | D:5      | Entered Level 5 of the Dungeon
  2226 | D:4      | Noticed a scorpion
  2226 | D:4      | Found Dunal's Overcharged Wands.
  2236 | D:4      | Reached skill level 8 in Ranged Weapons
  2241 | D:4      | Killed a scorpion
  2242 | D:4      | Reached XP level 5. HP: 29/29 MP: 7/7
  2283 | D:5      | Reached skill level 9 in Ranged Weapons
  2467 | D:5      | Noticed an ogre
  2557 | D:4      | Identified the +0 robe of Rotation {rC+ Str+5}
  2603 | D:3      | Noticed Natasha
  2609 | D:3      | Killed Natasha
  2654 | D:3      | Found a sacrificial altar of Ru.
  2656 | D:3      | Found a broken altar of Ashenzari.
  2657 | D:3      | Found an opulent altar of Gozag.
  2836 | D:3      | Reached XP level 6. HP: 34/34 MP: 8/8
  2903 | D:3      | Noticed Natasha
  2914 | D:3      | Killed Natasha
  2920 | D:3      | Noticed Natasha
  2928 | D:3      | Killed Natasha
  3278 | D:3      | Found a runed translucent door.
  3279 | D:3      | Noticed Crazy Yiuf
  3330 | D:4      | Reached skill level 10 in Ranged Weapons
  3343 | D:4      | Noticed Grinder
  3353 | D:4      | Gained mutation: You are robust. (+10% HP) [potion of
                  | mutation]
  3353 | D:4      | Gained mutation: You are weak. (Str -2) [potion of
                  | mutation]
  3353 | D:4      | Lost mutation: You are robust. (+10% HP) [potion of
                  | mutation]
  3353 | D:4      | Gained mutation: You possess an exceptional clarity of
                  | mind. [potion of mutation]
  3353 | D:4      | Paralysed by Grinder for 4 turns
  3360 | D:4      | Killed Grinder
  3361 | D:4      | Reached skill level 11 in Ranged Weapons
  3361 | D:4      | Reached XP level 7. HP: 38/38 MP: 9/9
  4057 | D:5      | Noticed a yak
  4061 | D:5      | Noticed a yak
  4063 | D:5      | Noticed a yak
  4067 | D:5      | Noticed a yak
  4068 | D:5      | Killed a yak
  4069 | D:5      | Reached skill level 12 in Ranged Weapons
  4069 | D:5      | Slain by a yak

Skill      XL: |  1  2  3  4  5  6  7 |
---------------+----------------------+-----
Ranged Weapons | 6 7 8 9 11 12 | 12.2
Fighting       | |  1.5
Dodging        | |  2.4
Stealth        | |  1.2

Action                     |  1- 3 |  4- 6 |  7- 9 || total
---------------------------+-------+-------+-------++-------
   Fire: Shortbow          |    78 |   131 |    38 ||   247
    Use: Scroll            |     6 |     2 |     5 ||    13
         Potion            |     2 |     2 |     1 ||     5
 Armour: Leather armour    |     4 |     8 |     3 ||    15
  Dodge: Dodged            |    22 |    45 |     8 ||    75

Levels and vault maps discovered:
D:1:      scummos_arrival_forest, layout_basic, minmay_misc_feat_doors,
          ebering_dispersal_statue_hall
D:2:      layout_basic, basic_altar, hangedman_decor_push,
          minmay_splitting_lines, serial_bayou_pond_c
D:3:      layout_basic, grunt_temple_overflow_open, uniq_natasha,
          uniq_crazy_yiuf_cottage
D:4:      layout_loops_cross, nicolae_shop_overcharged_wands, uniq_grinder
D:5:      layout_loops_ring, temple_green, nrook_mini_vaults
